[Event "Team 45 45 League T83"]
[Site "Internet Chess Club"]
[Date "2020.01.18"]
[Round "3"]
[White "primerpaso"]
[Black "cayo89"]
[Result "1-0"]
[WhiteElo "1800"]
[BlackElo "1593"]
[Opening "English opening"]
[ECO "A10"]
[Time "14:01:26"]
[TimeControl "2700+45"]

1. c4 d6 2. Nc3 e5 3. g3 Nf6 4. Bg2 Be7 5. e3 c6 6. Nge2 Bf5 7. e4 Bc8 8. d4
Nbd7 9. O-O O-O 10. b3 Qc7 11. Ba3 Re8 12. Rc1 a5 13. Qd2 Bf8 14. Rfd1 h6 15. h3
Be7 16. Kh2 Nf8 17. f4 Ng6 18. fxe5 dxe5 19. Bxe7 Qxe7 20. d5 Qd6 21. dxc6 Qxc6
22. Nd5 Ra6 23. Nec3 Nxd5 24. exd5 Qc5 25. Na4 Qb4 26. Qxb4 axb4 27. c5 f5 28.
d6 Rd8 29. Rc4 e4 30. Rxb4 Ne5 31. Bf1 Ra7 32. Nc3 Be6 33. a4 Nc6 34. Rb6 Na5
35. Nd5 Bxd5 36. Rxd5 g6 37. Kg2 Kf7 38. Kf2 Ke6 39. Rd4 Nc6 40. Bc4+ Ke5 41.
Rd5+ Ke6 42. Rd1+ Ke5 43. Bd5 Na5 44. b4 Nc6 45. a5 Nxa5 46. bxa5 Rxa5 47. Bxb7
Rxc5 48. d7 Rc2+ 49. Ke1 Rc7 50. Rd5# {Black checkmated} 1-0

[Event "Team 45 45 League T83"]
[Site "Internet Chess Club"]
[Date "2020.01.18"]
[Round "3"]
[White "Zugzwanged"]
[Black "julesraider"]
[Result "1/2-1/2"]
[WhiteElo "1714"]
[BlackElo "1650"]
[Opening "Caro-Kann: exchange variation"]
[ECO "B13"]
[Time "09:21:52"]
[TimeControl "2700+45"]

1. e4 c6 2. d4 d5 3. exd5 cxd5 4. Bd3 Nc6 5. c3 Qc7 6. Ne2 Bg4 7. O-O Bxe2 8.
Qxe2 e6 9. Nd2 Nf6 10. Nf3 Be7 11. Ne5 O-O 12. Bf4 Bd6 13. Rae1 a6 14. Bg3 b5
15. a3 Na5 16. Bh4 Be7 17. f4 Nc4 18. Bxf6 Bxf6 19. Rf3 g6 20. Rh3 Nxe5 21. fxe5
Bd8 22. Qe3 Qe7 23. Qh6 f5 24. exf6 Rxf6 25. Qd2 Bc7 26. Qe2 Raf8 27. Re3 Qd6
28. g3 Re8 29. Qg4 Kg7 30. Rf3 h5 31. Qg5 Ref8 32. Rxf6 Rxf6 33. Rf1 Rxf1+ 34.
Kxf1 Qf8+ 35. Kg2 Qf7 36. Qe3 Qf6 37. Qf3 Qg5 38. Qe2 Qf6 39. h4 {Game drawn by
mutual agreement} 1/2-1/2

[Event "Team 45 45 League T83"]
[Site "Internet Chess Club"]
[Date "2020.01.17"]
[Round "3"]
[White "evan7284"]
[Black "Portola"]
[Result "0-1"]
[WhiteElo "1652"]
[BlackElo "1778"]
[Opening "Queen's pawn: Chigorin variation"]
[ECO "D00"]
[Time "08:31:01"]
[TimeControl "2700+45"]

1. d4 d5 2. Nc3 Nf6 3. Bf4 c6 4. e3 Bf5 5. f3 e6 6. g4 Bg6 7. h4 h6 8. h5 Bh7 9.
Bd3 Bxd3 10. Qxd3 Nh7 11. Nge2 Be7 12. O-O-O b5 13. e4 a5 14. exd5 exd5 15. Be5
O-O 16. Rdg1 f6 17. Bxb8 Rxb8 18. Nf4 Qd7 19. Ng6 Rfe8 20. f4 Bd8 21. Ne2 Nf8
22. g5 fxg5 23. fxg5 Bxg5+ 24. Kb1 Re3 25. Qd1 Nxg6 26. hxg6 Qf5 27. Rg2 Rf8 28.
Qg1 Rf3 29. Ng3 Qxg6 {White resigns} 0-1

[Event "Team 45 45 League T83"]
[Site "Internet Chess Club"]
[Date "2020.01.19"]
[Round "3"]
[White "Ajolote"]
[Black "CPTsopiens"]
[Result "1-0"]
[WhiteElo "2000"]
[BlackElo "1739"]
[Opening "Ruy Lopez: 5.O-O"]
[ECO "C78"]
[Time "16:17:21"]
[TimeControl "2700+45"]

1. e4 e5 2. Nf3 Nc6 3. Bb5 a6 4. Ba4 Nf6 5. O-O b5 6. Bb3 Bc5 7. c3 d6 8. a4 Rb8
9. d4 Bb6 10. Bg5 h6 11. Bd5 Bd7 12. axb5 axb5 13. Be3 exd4 14. Bxd4 Nxd4 15.
Nxd4 c5 16. Nc6 Bxc6 17. Bxc6+ Kf8 18. Qf3 c4 19. Na3 Bc5 20. Rfd1 Qb6 21. Bd5
Nxd5 22. exd5 g6 23. Qf6 Rh7 24. Re1 Qd8 25. Qxd8+ Rxd8 26. Nxb5 Rb8 27. Nc7
Rxb2 28. Ra8+ Kg7 29. Ne8+ Kg8 30. Nxd6+ Kg7 31. Ne4 Bb6 32. Rd1 f5 33. Nd2 Kf6
34. Nxc4 Bxf2+ 35. Kf1 Rc2 36. d6 Rd7 37. Rf8+ Kg7 38. Re8 Bc5 39. Rc8 Ba7 40.
Rc7 Rxc7 41. dxc7 Rf2+ 42. Ke1 Rc2 43. c8=Q Bf2+ 44. Kf1 {Black resigns} 1-0

[Event "Team 45 45 League T83"]
[Site "Internet Chess Club"]
[Date "2020.01.17"]
[Round "3"]
[White "BrianWood"]
[Black "hipopotamos"]
[Result "1-0"]
[WhiteElo "1649"]
[BlackElo "1646"]
[Opening "Ruy Lopez: Berlin defense, Beverwijk variation"]
[ECO "C65"]
[Time "20:01:27"]
[TimeControl "2700+45"]

1. Nf3 Nc6 2. e4 e5 3. Bb5 Nf6 4. O-O Bc5 5. Nxe5 Nxe5 6. d4 Bd6 7. dxe5 Bxe5 8.
f4 Bd6 9. e5 Bc5+ 10. Kh1 Ne4 11. Qe1 c6 12. Bd3 Nf2+ 13. Rxf2 Bxf2 14. Qxf2 O-O
15. Nc3 d5 16. f5 Qe7 17. Qg3 d4 18. Ne4 Bxf5 19. Nf6+ Kh8 20. Bxf5 g6 21. Bg5
Qb4 22. Qh4 h5 23. Nxh5 Qxb2 24. Nf6+ Kg7 25. Qh6# {Black checkmated} 1-0

[Event "Team 45 45 League T83"]
[Site "Internet Chess Club"]
[Date "2020.01.20"]
[Round "3"]
[White "JPSVI"]
[Black "Beetlejuice"]
[Result "1-0"]
[WhiteElo "1701"]
[BlackElo "1708"]
[Opening "Réti v Dutch"]
[ECO "A04"]
[Time "14:01:42"]
[TimeControl "2700+45"]

1. Nf3 f5 2. d3 Nc6 3. e4 d6 4. Nc3 Nf6 5. Bg5 g6 6. exf5 Bxf5 7. d4 Bg7 8. d5
Nb8 9. Bc4 c5 10. O-O Bg4 11. h3 Bxf3 12. Qxf3 Nbd7 13. Rae1 O-O 14. Qd1 a6 15.
a4 Rb8 16. f4 Rf7 17. f5 gxf5 18. Bd3 Ne5 19. Bxf5 Kh8 20. Be6 Rf8 21. Kh1 b5
22. axb5 axb5 23. Bxf6 Rxf6 24. Ne4 Rxf1+ 25. Rxf1 h6 26. Ng5 Qe8 27. Nf7+ Nxf7
28. Rxf7 Ra8 29. Qd3 Ra1+ 30. Kh2 Be5+ 31. g3 Qg8 32. Kg2 Bxg3 33. Rf3 {Black
resigns} 1-0

[Event "Team 45 45 League T83"]
[Site "Internet Chess Club"]
[Date "2020.01.19"]
[Round "3"]
[White "Demachaeron"]
[Black "ascoli"]
[Result "1-0"]
[WhiteElo "1742"]
[BlackElo "1566"]
[Opening "French defense"]
[ECO "C00"]
[Time "12:01:24"]
[TimeControl "2700+45"]

1. e4 e6 2. Nf3 d5 3. exd5 exd5 4. d4 Bd6 5. Nc3 c6 6. Be3 Bf5 7. Bd3 Bxd3 8.
Qxd3 Nf6 9. O-O O-O 10. Rfe1 Nbd7 11. Bg5 Qb6 12. a3 Rfe8 13. b4 a5 14. Na4 Qc7
15. Nc5 b6 16. Nxd7 Nxd7 17. c3 h6 18. Bh4 Qa7 19. b5 Qc7 20. c4 cxb5 21. cxb5
g5 22. Bg3 Nf6 23. Ne5 Ne4 24. Rac1 Qe7 25. Nc6 Qf6 26. Ne5 Rac8 27. Ng4 Qe6 28.
Bxd6 Nxd6 29. Ne5 Nc4 30. g3 Nxe5 31. dxe5 Rxc1 32. Rxc1 Qxe5 33. Rc6 Re6 34.
Rc8+ Kg7 35. Rc1 Rf6 36. Rd1 Qb2 37. Rd2 Qc1+ 38. Kg2 Rd6 39. Rc2 Qe1 40. Re2
Qa1 41. Rc2 Qe5 42. Re2 Qa1 43. Re3 d4 44. Rf3 Rd5 45. Qc4 Rd7 46. Qc6 Re7 47.
Qf6+ Kf8 48. Qh8# {Black checkmated} 1-0

[Event "Team 45 45 League T83"]
[Site "Internet Chess Club"]
[Date "2020.01.19"]
[Round "3"]
[White "walkover"]
[Black "fledermaus"]
[Result "1-0"]
[WhiteElo "1760"]
[BlackElo "1797"]
[Opening "QGD: 4.Nf3"]
[ECO "D37"]
[Time "10:01:38"]
[TimeControl "2700+45"]

1. d4 d5 2. c4 e6 3. Nf3 Nf6 4. Nc3 Be7 5. g3 O-O 6. Bg2 c6 7. O-O Nbd7 8. b3 b6
9. Qc2 Ba6 10. Rd1 Rc8 11. Nd2 b5 12. e4 bxc4 13. e5 Ne8 14. bxc4 c5 15. Qa4
cxd4 16. Nxd5 exd5 17. Qxa6 Nxe5 18. cxd5 Nd3 19. Qxd3 {Black resigns} 1-0

[Event "Team 45 45 League T83"]
[Site "Internet Chess Club"]
[Date "2020.01.20"]
[Round "3"]
[White "ivanson"]
[Black "Grenadier"]
[Result "1-0"]
[WhiteElo "1707"]
[BlackElo "1605"]
[Opening "Caro-Kann: Steinitz variation"]
[ECO "B17"]
[Time "15:00:49"]
[TimeControl "2700+45"]

1. e4 c6 2. d4 d5 3. Nc3 dxe4 4. Nxe4 Nd7 5. Ng5 Ngf6 6. Bd3 e6 7. N1f3 h6 8.
Ne4 Nxe4 9. Bxe4 Nf6 10. Bd3 c5 11. c3 cxd4 12. Nxd4 Bc5 13. Be3 O-O 14. Qe2 b6
15. O-O-O Bb7 16. Rhg1 Qc7 17. h3 a6 18. g4 Nd5 19. Nc2 Nxe3 20. Nxe3 Rfd8 21.
g5 Qf4 22. Rg4 Bxe3+ 23. fxe3 Qf3 24. gxh6 Qxe2 25. Rxg7+ Kh8 26. Bxe2 Rxd1+ 27.
Bxd1 Rf8 28. Bh5 Bd5 29. Rxf7 Rxf7 30. Bxf7 Bxa2 31. Bg6 Bc4 32. Kd2 a5 33. Ke1
b5 34. Kf2 a4 35. Kf3 Bb3 36. Kf4 Ba2 37. Ke5 Bb3 38. Bd3 Bd1 39. Bxb5 Kh7 40.
Kxe6 Kxh6 41. Kf6 Kh5 42. e4 Kh4 43. Bd7 Kg3 44. e5 Bb3 45. e6 {Black resigns}
1-0

[Event "Team 45 45 League T83"]
[Site "Internet Chess Club"]
[Date "2020.01.19"]
[Round "3"]
[White "GoIrish"]
[Black "carvajales"]
[Result "1-0"]
[WhiteElo "1510"]
[BlackElo "1696"]
[Opening "Réti opening"]
[ECO "A04"]
[Time "07:02:12"]
[TimeControl "2700+45"]

1. Nf3 d6 2. g3 e5 3. e4 g6 4. d3 Bg7 5. Bg2 Ne7 6. O-O O-O 7. Be3 Nbc6 8. c3 b6
9. d4 exd4 10. cxd4 Bb7 11. Nc3 Qd7 12. Rc1 Rac8 13. Qd2 f6 14. Ne2 Nd8 15. d5
c5 16. Nf4 Qe8 17. Bh3 Ra8 18. Ne6 Nxe6 19. Bxe6+ Kh8 20. Bf4 Rd8 21. b4 g5 22.
Be3 Ba6 23. Rfe1 Qh5 24. Kg2 Bc8 25. Bxc8 Rxc8 26. bxc5 bxc5 27. Qa5 Ng6 28. Qa6
g4 29. Ng1 Qe5 30. Bd2 Qe7 31. f4 Rb8 32. Qc4 Rb2 33. Rc2 Rfb8 34. Ne2 h5 35.
Rxb2 Rxb2 36. Bc3 Rb8 37. f5 Ne5 38. Bxe5 Qxe5 39. Nf4 Rb2+ 40. Re2 Rxe2+ 41.
Qxe2 Qe8 42. Qa6 Qxe4+ 43. Kg1 Qxf5 44. Qxa7 h4 45. Qb8+ Kh7 46. Qxd6 Qb1+ 47.
Kf2 Qxa2+ 48. Ne2 hxg3+ 49. hxg3 Qc4 50. Qe6 Kh6 51. Qf5 Bh8 52. d6 Qa6 53. d7
Qd6 54. Qf4+ Qxf4+ 55. Nxf4 c4 56. d8=Q {Black resigns} 1-0

[Event "Team 45 45 League T83"]
[Site "Internet Chess Club"]
[Date "2020.01.17"]
[Round "3"]
[White "IshanR"]
[Black "iSeba"]
[Result "1/2-1/2"]
[WhiteElo "1915"]
[BlackElo "1927"]
[Opening "Vienna gambit: Paulsen attack"]
[ECO "C29"]
[Time "23:00:48"]
[TimeControl "2700+45"]

1. e4 e5 2. Nc3 Nf6 3. f4 d5 4. fxe5 Nxe4 5. Qf3 Nc6 6. Bb5 Nxc3 7. dxc3 Bd7 8.
Qxd5 Qh4+ 9. g3 Qh5 10. Bf4 O-O-O 11. Be2 Bg4 12. Bxg4+ Qxg4 13. Qxf7 Nxe5 14.
h3 Nxf7 15. hxg4 Re8+ 16. Kd2 g5 17. Be3 Ne5 18. Bxg5 Nc4+ 19. Kd3 Nxb2+ 20. Kd2
Nc4+ 21. Kd3 Rg8 22. Nf3 b5 23. Rae1 Rxe1 24. Rxe1 Bd6 25. Bf4 Rxg4 26. Nd4 Bxf4
27. gxf4 Nd6 28. Rh1 Rxf4 29. Rxh7 {Game drawn by mutual agreement} 1/2-1/2

[Event "Team 45 45 League T83"]
[Site "Internet Chess Club"]
[Date "2020.01.18"]
[Round "3"]
[White "janh"]
[Black "room-matt"]
[Result "1-0"]
[WhiteElo "1848"]
[BlackElo "1803"]
[Opening "Giuoco Piano"]
[ECO "C54"]
[Time "12:12:15"]
[TimeControl "2700+45"]

1. e4 e5 2. Nf3 Nc6 3. Bc4 Bc5 4. c3 Nf6 5. d3 d6 6. Nbd2 a6 7. Bb3 O-O 8. Nf1
Na5 9. Bc2 Ba7 10. Ng3 Bg4 11. O-O Nc6 12. h3 Be6 13. Re1 h6 14. Qe2 Qd7 15. Kh2
Rad8 16. Nh4 d5 17. Nhf5 dxe4 18. dxe4 Rfe8 19. Qf3 Kh7 20. Nxh6 Rh8 21. Nhf5
Bc5 22. Bg5 Be7 23. Rad1 Qe8 24. Nxe7 Qxe7 25. Nf5 Bxf5 26. Qxf5+ Kg8 27. Rxd8+
Nxd8 28. Rd1 Ne6 29. Kg1 Nxg5 30. Qxg5 c5 31. Qf5 Qc7 32. Bb3 Kf8 33. Bd5 Rh5
34. Qf3 Rh7 35. Qg3 Nh5 36. Qg5 Nf6 37. Qf5 Rh5 38. Qf3 Rh7 39. Rd2 b6 40. Qd3
a5 41. Bb3 Qe7 42. Qc4 g6 43. Bc2 Kg7 44. Qd3 Rh4 45. f3 Nh5 46. Qd8 Qxd8 47.
Rxd8 Rf4 48. Rd5 f6 49. Kf2 Rh4 50. Rd7+ Kh6 51. Rb7 c4 52. Rxb6 Kg5 53. Rc6 Nf4
54. Rd6 Rh7 55. Rd2 Rb7 56. Bb1 a4 57. a3 Ne6 58. Ba2 Rc7 59. g3 Nc5 60. Bxc4
Nxe4+ 61. fxe4 Rxc4 62. Kf3 f5 63. h4+ Kh5 64. Re2 Rc5 65. Rg2 fxe4+ 66. Kxe4
Kg4 67. Ke3 Rc4 68. Kd3 Rc5 69. c4 Kf3 70. Re2 Kxg3 71. Kc3 Kf3 72. Re1 e4 73.
Kd4 Rh5 74. Re3+ Kg2 75. Rxe4 Kg3 76. c5 Kf3 77. c6 Rh7 78. Kd5 Rh5+ 79. Re5
Rxh4 80. c7 Rh8 81. Kc6 Kf4 82. Rd5 g5 83. Rd8 Rh2 84. c8=Q Rc2+ 85. Kb5 Rxc8
86. Rxc8 g4 87. Kxa4 g3 88. Kb5 g2 89. Rg8 Kf3 90. a4 {Black resigns} 1-0

[Event "Team 45 45 League T83"]
[Site "Internet Chess Club"]
[Date "2020.01.21"]
[Round "3"]
[White "cadmiumorange"]
[Black "primerpaso"]
[Result "0-1"]
[WhiteElo "1764"]
[BlackElo "1815"]
[Opening "Sicilian: Canal-Sokolsky (Nimzovich-Rossolimo, Moscow) attack"]
[ECO "B51"]
[Time "10:02:24"]
[TimeControl "2700+45"]

1. e4 c5 2. Nf3 d6 3. Bb5+ Nc6 4. O-O Bd7 5. Re1 e6 6. d4 cxd4 7. Nxd4 Be7 8.
Be3 Nf6 9. Nc3 O-O 10. Bf1 a6 11. a4 Rc8 12. f3 Nxd4 13. Bxd4 Bc6 14. a5 d5 15.
Bb6 Qe8 16. exd5 Nxd5 17. Nxd5 Bxd5 18. Bd3 Bc5+ 19. Bxc5 Rxc5 20. b4 Rc3 21.
Qe2 Qe7 22. b5 axb5 23. Rad1 Qc5+ 24. Kh1 Bc4 25. Qe4 Bxd3 26. cxd3 Qc6 27. Qb4
Rd8 28. d4 Rc4 29. Qe7 Qd5 30. Re5 Rxd4 31. Rxd4 Qxd4 32. Re1 Qd7 33. Qh4 h6 34.
h3 Qd4 35. Qe7 Qd7 36. Qh4 Rc8 37. Qe4 Rc4 38. Qe2 Qc7 39. Qd2 b4 40. Qa2 Rc3
41. Qa4 b3 42. Qb5 Rc1 {White resigns} 0-1

[Event "Team 45 45 League T83"]
[Site "Internet Chess Club"]
[Date "2020.01.15"]
[Round "3"]
[White "QuieroAprender"]
[Black "Grebochess"]
[Result "1-0"]
[WhiteElo "1665"]
[BlackElo "1698"]
[Opening "Sicilian: Grand Prix attack"]
[ECO "B21"]
[Time "17:30:49"]
[TimeControl "2700+45"]

1. e4 c5 2. f4 d5 3. e5 Bd7 4. Nf3 Nc6 5. c4 d4 6. g3 Nh6 7. Bg2 Rb8 8. O-O g6
9. d3 Bg7 10. Nbd2 Bf5 11. Qe2 Nb4 12. Ne1 Ng4 13. Ne4 b6 14. a3 Na6 15. h3 Nxe5
16. fxe5 Bxe5 17. g4 Bxe4 18. Qxe4 Bg7 19. Qc6+ Kf8 20. Rxf7+ Kxf7 21. Bd5+ Kf8
22. Qe6 Qe8 23. Bf4 Rd8 24. Ng2 Rd6 25. Bxd6 exd6 26. Rf1+ Bf6 27. Rxf6+ Kg7 28.
Qxd6 Qe2 29. Rf7+ Kh6 30. g5+ Kxg5 31. Qf6+ Kh6 32. Qh4+ Qh5 33. Qf4+ Qg5 34.
Rxa7 Nb8 35. Rb7 Re8 36. Rxh7+ Kxh7 37. Qxg5 Nd7 38. Bc6 Re5 39. Qh4+ Kg7 40.
Bxd7 b5 41. Bxb5 g5 42. Qg4 Kh6 43. b4 cxb4 44. Nf4 bxa3 45. Qh5+ Kg7 46. Qg6+
Kf8 47. Qf6+ Kg8 48. Qxe5 gxf4 49. Bc6 f3 50. Qe7 f2+ 51. Kxf2 a2 52. Bd5+ Kh8
53. Qf7 a1=Q 54. Qg8# {Black checkmated} 1-0

[Event "Team 45 45 League T83"]
[Site "Internet Chess Club"]
[Date "2020.01.20"]
[Round "3"]
[White "Ajolote"]
[Black "achessman"]
[Result "1-0"]
[WhiteElo "2008"]
[BlackElo "1808"]
[Opening "Caro-Kann: classical, 6.h4"]
[ECO "B18"]
[Time "20:05:51"]
[TimeControl "2700+45"]

1. e4 c6 2. d4 d5 3. Nc3 dxe4 4. Nxe4 Bf5 5. Ng3 Bg6 6. h4 h6 7. N1e2 Nf6 8. Nf4
Bh7 9. Bc4 e5 10. dxe5 Qa5+ 11. c3 Qxe5+ 12. Nfe2 Bc5 13. Bf4 Qe7 14. b4 Bxb4
15. O-O Bc5 16. Nd4 O-O 17. Re1 Qd7 18. Qb3 b5 19. Be6 Qd8 20. Rad1 Qb6 21. Nh5
Nbd7 22. Bxd7 Nxh5 23. Be5 Rad8 24. Bg4 Nf6 25. Bf3 Nd5 26. Re2 Bxd4 27. Bxd4
Qc7 28. Rde1 Bf5 29. Bc5 Nf6 30. Bxf8 Rxf8 31. g3 Bd3 32. Re3 Bc4 33. Qc2 Nd5
34. Re8 Nf6 35. Rxf8+ Kxf8 36. Qf5 Be6 37. Qc5+ Kg8 38. Qxc6 Qa5 39. Re5 a6 40.
Kg2 Qxa2 41. Qa8+ Kh7 42. Be4+ Nxe4 43. Qxe4+ Kg8 44. Rc5 Qd2 45. Rc6 g5 46. Rc5
g4 47. Qd4 Qe2 48. Rh5 Qf3+ 49. Kg1 Kh7 50. Re5 Kg8 51. Re3 Qf5 52. Re5 Qf3 53.
h5 Kh7 54. Kf1 Kg8 55. Ke1 Kh7 56. Kd2 Bb3 57. Qe4+ Qxe4 58. Rxe4 a5 59. Rxg4 a4
60. Kc1 Be6 61. Rf4 Kg7 62. Kb2 f5 63. Ka3 Kf6 64. Kb4 Kg5 65. Rh4 Bd7 66. Rd4
Bc6 67. Rd6 Be8 68. Rd8 Bxh5 69. Kxb5 a3 70. Ra8 f4 71. Rxa3 fxg3 72. fxg3 Be2+
73. c4 h5 74. Kb4 Kg4 75. c5 Bf3 76. Rxf3 Kxf3 77. c6 Kxg3 78. c7 h4 79. c8=Q h3
80. Qg8+ Kf2 81. Qh7 Kg2 82. Qe4+ Kf2 83. Qh4+ Kg2 84. Qg4+ Kh2 85. Kc3 Kh1 86.
Qxh3+ {Black resigns} 1-0

[Event "Team 45 45 League T83"]
[Site "Internet Chess Club"]
[Date "2020.01.18"]
[Round "3"]
[White "ErnestoRondon"]
[Black "MarcB"]
[Result "1/2-1/2"]
[WhiteElo "1859"]
[BlackElo "1822"]
[Opening "Scandinavian (center counter) defense"]
[ECO "B01"]
[Time "19:30:42"]
[TimeControl "2700+45"]

1. e4 d5 2. exd5 Qxd5 3. Nc3 Qd8 4. d4 Nf6 5. Nf3 Bg4 6. Be2 e6 7. O-O Nbd7 8.
h3 Bxf3 9. Bxf3 c6 10. Bg5 Be7 11. Re1 O-O 12. Ne2 Qa5 13. Bh4 Rfe8 14. c3 e5
15. dxe5 Nxe5 16. Nd4 Rad8 17. b4 Nxf3+ 18. Qxf3 Qd5 19. Nf5 Qxf3 20. gxf3 Kf8
21. Nxe7 Rxe7 22. Bxf6 Rxe1+ 23. Rxe1 gxf6 24. a4 Rd3 25. Re3 Rd2 26. a5 b6 27.
axb6 axb6 28. f4 Kg7 29. Kg2 f5 30. Kf3 Rc2 31. Rd3 f6 32. Ke3 c5 33. bxc5 bxc5
34. Rd7+ Kg6 35. Kd3 Rxf2 36. Rc7 Rxf4 37. Rxc5 Rf3+ 38. Kd4 Rxh3 39. Rc8 Rh4+
40. Ke3 Re4+ 41. Kf3 h5 42. c4 Rd4 43. c5 Rc4 44. c6 Kg7 45. c7 h4 46. Kg2 f4
47. Ra8 Rxc7 48. Kf3 Rc3+ 49. Kxf4 h3 50. Ra2 Kg6 51. Ra8 Kg7 52. Ra2 Kg6 53.
Ra8 Rc7 54. Kg3 Rh7 55. Kh2 Kg5 56. Rg8+ Kf4 57. Ra8 f5 58. Ra4+ Kg5 59. Ra8 Rh6
60. Rg8+ Kf4 61. Ra8 Rh4 62. Ra4+ Kg5 63. Ra8 Rh6 64. Rg8+ Kh4 65. Rg3 Rh5 66.
Rxh3+ Kg4 67. Rxh5 Kxh5 68. Kg3 Kg5 69. Kf3 f4 70. Kf2 Kg4 71. Kg2 f3+ 72. Kf2
Kf4 73. Kf1 Ke3 74. Ke1 f2+ 75. Kf1 Kd2 76. Kxf2 {Game drawn because neither
player has mating material} 1/2-1/2

[Event "Team 45 45 League T83"]
[Site "Internet Chess Club"]
[Date "2020.01.15"]
[Round "3"]
[White "cayo89"]
[Black "ANGELLR"]
[Result "0-1"]
[WhiteElo "1613"]
[BlackElo "1794"]
[Opening "Queen's pawn, Mason variation"]
[ECO "D00"]
[Time "20:02:59"]
[TimeControl "2700+45"]

1. d4 d5 2. Bf4 Nf6 3. e3 Bf5 4. c4 e6 5. Qb3 Qc8 6. Nc3 c6 7. Nf3 Nbd7 8. h3 h6
9. Rc1 Be7 10. Be2 O-O 11. O-O Rd8 12. c5 Ne4 13. Rfd1 Re8 14. a4 Bf6 15. Bh2 e5
16. Bf1 Ng5 17. Nxg5 hxg5 18. a5 a6 19. Na4 e4 20. Be2 Bd8 21. Nb6 Nxb6 22. cxb6
g4 23. hxg4 Bxg4 24. Qc2 Qf5 25. Rf1 Bg5 26. Qd1 Bxe2 27. Qxe2 Re6 28. Bg3 Rae8
29. f4 exf3 30. Rxf3 Qg4 31. Bf2 Qxd4 32. exd4 Rxe2 33. Rb3 Bxc1 {White resigns}
0-1

[Event "Team 45 45 League T83"]
[Site "Internet Chess Club"]
[Date "2020.01.20"]
[Round "3"]
[White "Portola"]
[Black "Zugzwanged"]
[Result "1/2-1/2"]
[WhiteElo "1753"]
[BlackElo "1716"]
[Opening "Colle system"]
[ECO "A46"]
[Time "18:03:06"]
[TimeControl "2700+45"]

1. d4 Nf6 2. Nf3 e6 3. c3 c5 4. e3 d5 5. Bd3 Nc6 6. Nbd2 Bd6 7. O-O O-O 8. b3 e5
9. dxe5 Nxe5 10. Nxe5 Bxe5 11. Bb2 Bg4 12. Be2 Bf5 13. Nf3 Bc7 14. g3 Bh3 15.
Re1 Qe7 16. Bf1 Bg4 17. Bg2 Qe6 18. Qc2 Bf5 19. Qe2 Bg4 20. Qc2 h6 21. b4 c4 22.
Nd4 Qd7 23. f3 Bh3 24. a4 a6 25. Qf2 Bxg2 26. Kxg2 Rfe8 27. Bc1 Bb6 28. Bd2 Bxd4
29. exd4 b5 30. a5 Rxe1 31. Rxe1 Re8 32. Rxe8+ Qxe8 33. h4 h5 34. Bf4 Qe6 35.
Qe3 Qf5 36. Qe2 Qe6 37. Qxe6 fxe6 38. Kf2 Kf7 39. Be3 Kg6 40. Ke2 Kf5 41. Kf2
Nd7 42. Bf4 Nf6 43. Be3 Nd7 44. Bf4 g6 45. Bd6 Nf6 46. Bf4 Nd7 {Game drawn by
mutual agreement} 1/2-1/2

[Event "Team 45 45 League T83"]
[Site "Internet Chess Club"]
[Date "2020.01.20"]
[Round "3"]
[White "fireball"]
[Black "RD1974"]
[Result "1-0"]
[WhiteElo "1500"]
[BlackElo "1567"]
[Opening "Sicilian: Smith-Morra gambit"]
[ECO "B21"]
[Time "20:01:21"]
[TimeControl "2700+45"]

1. e4 c5 2. d4 cxd4 3. c3 d3 4. Bxd3 Nc6 5. f4 e6 6. Nf3 Bc5 7. Bc2 Nge7 8. Nbd2
a6 9. Nb3 Ba7 10. Nbd4 O-O 11. O-O d5 12. e5 Nxd4 13. Nxd4 Nf5 14. Qd3 Qh4 15.
Kh1 Bxd4 16. cxd4 Bd7 17. a4 b5 18. b3 Rfc8 19. Bd1 bxa4 20. bxa4 Rc4 21. Bb2
Rb8 22. Rb1 Bxa4 23. Bxa4 Rxa4 24. Rf3 Qg4 25. h3 Qh4 26. g4 Nh6 27. Kg2 Ra2 28.
Qc3 Qd8 29. Rf2 a5 30. Rc2 g6 31. Rbc1 Kg7 32. Ba3 Rxc2+ 33. Rxc2 a4 34. Qc6 Qb6
35. Qxa4 Qb3 36. Qxb3 Rxb3 37. Bd6 Rb7 38. Rc8 Ng8 39. Bf8+ Kh8 40. Bh6 Ra7 41.
Bg5 h5 42. gxh5 gxh5 43. Kg3 Kh7 44. Kh4 Ne7 45. Bxe7 Rxe7 46. Kxh5 Rb7 47. Kg5
Kg7 48. Rc3 Rb1 49. Rg3 Rd1 50. h4 Rxd4 51. h5 Re4 52. h6+ Kh7 53. Rg4 d4 54.
Kh5 d3 55. Rg7+ Kh8 56. Rxf7 d2 57. Kg6 d1=Q 58. Rf8# {Black checkmated} 1-0

[Event "Team 45 45 League T83"]
[Site "Internet Chess Club"]
[Date "2020.01.15"]
[Round "3"]
[White "xingon"]
[Black "nidusin2"]
[Result "0-1"]
[WhiteElo "1409"]
[BlackElo "1541"]
[Opening "Queen's Pawn"]
[ECO "A41"]
[Time "11:01:06"]
[TimeControl "2700+45"]

1. d4 d6 2. Nf3 Nf6 3. e3 Nbd7 4. Nbd2 e5 5. dxe5 dxe5 6. e4 Bc5 7. Bd3 c6 8.
Nb3 Bb6 9. O-O Qc7 10. Re1 O-O 11. Be3 Ng4 12. Bxb6 axb6 13. Nfd2 Nc5 14. Nxc5
bxc5 15. Be2 Nf6 16. Bd3 b5 17. c4 Rd8 18. cxb5 Rxd3 {White resigns} 0-1

[Event "Team 45 45 League T83"]
[Site "Internet Chess Club"]
[Date "2020.01.18"]
[Round "3"]
[White "dabodhi"]
[Black "Kingfisher75"]
[Result "1-0"]
[WhiteElo "1304"]
[BlackElo "1491"]
[Opening "Scotch gambit"]
[ECO "C44"]
[Time "20:00:43"]
[TimeControl "2700+45"]

1. e4 e5 2. Nf3 Nc6 3. d4 exd4 4. Bc4 Bc5 5. c3 dxc3 6. Bxf7+ Kf8 7. Bg5 Be7 8.
Bxe7+ Qxe7 9. Nxc3 Qxf7 10. Nd5 d6 11. Qb3 Rb8 12. Rc1 Nge7 13. O-O Be6 14. Ng5
Qg6 15. f4 Bxd5 16. exd5 Nd4 17. Qc4 c5 18. dxc6 Nexc6 19. Rce1 Re8 20. h4 Rxe1
21. Rxe1 h6 22. f5 Qf6 23. Ne6+ Nxe6 24. Rxe6 Qd4+ 25. Qxd4 Nxd4 26. Rxd6 Nxf5
27. Rd8+ Ke7 28. Rxh8 Nxh4 29. Rb8 a6 30. Rxb7+ Kf6 31. Rb6+ Ke5 32. Rxa6 Nf5
33. Ra5+ Ke4 34. a4 Nd6 35. Ra7 g5 36. a5 Kd5 37. Rc7 Nb5 38. Rc1 h5 39. b4 Kd4
40. a6 g4 41. Ra1 Na7 42. b5 Kc5 43. Rb1 Kb6 44. Kf2 h4 45. Rb4 h3 46. gxh3 gxh3
47. Kg1 Nc8 48. Kh2 Kc5 49. Rb1 Kb6 50. Kxh3 Nd6 51. Kg4 Nc4 52. Kf4 Nd2 53. Rb4
Nf1 54. Ke5 Ne3 55. Ke4 Nc2 56. Rb2 Na3 57. Kd4 Ka7 58. b6+ Kb8 59. Kc5 Ka8 60.
b7+ Kb8 61. a7+ {Black resigns} 1-0

[Event "Team 45 45 League T83"]
[Site "Internet Chess Club"]
[Date "2020.01.18"]
[Round "3"]
[White "Demachaeron"]
[Black "elessar"]
[Result "1/2-1/2"]
[WhiteElo "1733"]
[BlackElo "1623"]
[Opening "French: Fort Knox variation"]
[ECO "C10"]
[Time "09:01:33"]
[TimeControl "2700+45"]

1. e4 e6 2. d4 d5 3. Nc3 dxe4 4. Nxe4 Bd7 5. Nf3 Bc6 6. Bd3 Nd7 7. O-O Ngf6 8.
Qe2 Nxe4 9. Bxe4 Bxe4 10. Qxe4 c6 11. Re1 Nf6 12. Qe2 h6 13. c3 Bd6 14. Be3 O-O
15. Qc2 Qc7 16. Rad1 Rfe8 17. h3 Rad8 18. a3 Bf4 19. Bxf4 Qxf4 20. Ne5 g5 21. g3
Qf5 22. Qxf5 exf5 23. Kg2 Kf8 24. Nc4 Rxe1 25. Rxe1 Ne4 26. f3 Nd6 27. Nxd6 Rxd6
28. Kf2 Re6 29. Re3 Ke7 30. c4 Kd6 31. c5+ Kd5 32. Rb3 Re7 33. Rd3 Kc4 34. Rd2
Kd5 35. b3 g4 36. hxg4 fxg4 37. fxg4 Re4 38. Kf3 Rxd4 {Game drawn by mutual
agreement} 1/2-1/2

[Event "Team 45 45 League T83"]
[Site "Internet Chess Club"]
[Date "2020.01.18"]
[Round "3"]
[White "Gilguli"]
[Black "WillC"]
[Result "0-1"]
[WhiteElo "1330"]
[BlackElo "1573"]
[Opening "Blackmar gambit"]
[ECO "B01"]
[Time "16:01:14"]
[TimeControl "2700+45"]

1. e4 d5 2. d4 dxe4 3. Nc3 Nf6 4. Bg5 Bf5 5. Bb5+ c6 6. Ba4 Nbd7 7. d5 cxd5 8.
Bxf6 gxf6 9. Qxd5 e6 10. Qxb7 Rc8 11. O-O-O Rc7 12. Rxd7 Rxd7 13. Qxa7 Bh6+ 14.
Kb1 Bf4 15. Nge2 Bb8 16. Qb7 Ke7 17. Qxd7+ Qxd7 18. Bxd7 Kxd7 19. Rd1+ Ke7 20.
Ng3 Bg4 21. Rd4 f5 22. Rb4 h5 23. Nf1 h4 24. h3 Bh5 25. Ne3 Rg8 26. Rb7+ Kf6 27.
a4 Be5 28. a5 Bxc3 29. bxc3 Be2 30. Rb6 Ra8 31. c4 Rxa5 32. Kb2 f4 33. Ng4+ Bxg4
34. hxg4 e3 35. Kc3 exf2 36. Rb1 Ra3+ 37. Kd4 Rg3 38. Rf1 Rxg2 39. Ke4 Kg5 40.
Kf3 Rg3+ 41. Ke4 Re3+ 42. Kd4 Re2 43. c5 e5+ 44. Kd3 Re3+ 45. Kd2 Re4 46. Kd3
Ra4 47. Rxf2 Kxg4 48. c6 f5 49. Rg2+ Kf3 50. c7 e4+ 51. Kc3 Ra8 52. Rg7 Rc8 53.
Kd4 e3 {White resigns} 0-1